 Dungeon Sprint DCSS version 0.30-a0-159-g068b764562 (webtiles) character file.

Game seed: 4707582323655352216

1300000 howech the Sorcerer (level 14, -5/87 HPs)
             Began as a Djinni Earth Elementalist on Sept 27, 2022.
             Was a Follower of Makhleb.
             Slain by a meat berserker
             ... wielding a +9 battleaxe
              (92 damage)
             ... in the Dungeon (Sprint VIII: "Arena of Blood").
             The game lasted 00:00:46 (13 turns).

howech the Sorcerer (Djinni Earth Elementalist)       Turns: 13, Time: 00:00:46

Health: -5/87      AC:  2    Str:  7    XL:     14   Next: 83%
Gold:   0          EV: 21    Int: 19    God:    Makhleb [*.....] SH:  0 Dex: 17

rFire   + + .      SeeInvis .    g - +∞ Axe of Woe
rCold   x . .      Faith    .    (shield currently unavailable)
rNeg    . . .      Spirit   .    a - +0 robe
rPois   ∞          Reflect  .    (no helmet)
rElec   .          Harm     .    (no cloak)
rCorr   .          Rampage  .    (no gloves)
Will    +....      NoTele   +    (boots unavailable)
Stlth   +++++.....               (no amulet)
HPRegen 0.24/turn                (no ring)
MPRegen 0.00/turn                (no ring)

@: flying, hasted, very quick
A: sickness immunity, fire resistance 2, cold vulnerability 1, float, innate
caster, HP casting, extra vitality 1
a: Renounce Religion


You were in the Dungeon.
You worshipped Makhleb.
Makhleb was aware of your devotion.
You visited 1 branch

Inventory:

Hand Weapons
 g - the +∞ Axe of Woe (weapon)
   (You found it in the Dungeon)
Armour
 a - a +0 robe (worn)
Jewellery
 h - a +30 ring of slaying
Scrolls
 f - a scroll of blinking
Potions
 b - a potion of curing
 c - a potion of heal wounds
 e - a potion of berserk rage


   Skills:
 + Level 3.1 Fighting
 * Level 8.5 Axes
 + Level 14.9 Dodging
 + Level 11.5 Stealth
 + Level 25.0 Spellcasting
 * Level 7.1 Invocations


You had 35 spell levels left.
You knew the following spells:

 Your Spells              Type           Power      Damage    Failure   Level
a - Sandblast             Erth           100%       2d20      0%          1
b - Passwall              Tmut/Erth      72%        N/A       0%          2
c - Stone Arrow           Conj/Erth      100%       3d13      0%          3
d - Petrify               Tmut/Erth      87%        N/A       0%          4
e - Beastly Appendage     Tmut           100%       N/A       0%          1
f - Call Imp              Summ           87%        N/A       0%          2
g - Mephitic Cloud        Conj/Pois/Air  87%        N/A       0%          3
h - Ozocubu's Armour      Ice            87%        N/A       0%          3
i - Passage of Golubria   Tloc           87%        N/A       0%          4
j - Summon Mana Viper     Hex/Summ       87%        N/A       0%          5
Your spell library was empty.

Dungeon Overview and Level Annotations

Branches:
Dungeon (1/1)

Altars:
Makhleb


Innate Abilities, Weirdness & Mutations

You are immune to sickness and miasma.
You are immune to poison.
Your flesh is very heat resistant. (rF++)
You are vulnerable to cold. (rC-)
You float through the air rather than walking.
You learn spells naturally, not from books.
Your magical power is your life essence.
You have superior vitality. (+4 MHP)


Message History

The bag of meat shouts! x2; The meat berserker shouts!
You hear a shout! x3
A meat berserker comes into view. It is wielding a +9 battleaxe.
A bag of meat comes into view. It is wielding a +9 war axe. x2
A bag of meat comes into view. It is wielding a +9 war axe.
The bag of meat appears out of thin air!
A bag of meat comes into view. It is wielding a +9 war axe.
You hear a shout! x3; The bag of meat shouts!
The bag of meat shouts!
You hit the meat berserker.
You fatally mangle the meat berserker.
You kill the meat berserker!
Makhleb accepts your kill.
You can now gain health from killing.
You hear a shout! x3
The meat berserker rages.
You hear a shout! x2
A bag of meat comes into view. It is wielding a +9 war axe.
The bag of meat shouts! x2
Your Fighting skill increases to level 3!
Your Axes skill gained 2 levels and is now at level 8!
Your Spellcasting skill gained 2 levels and is now at level 25!
Your Invocations skill gained 7 levels and is now at level 7!
Unknown command.
Unknown command.
Unknown command.
Unknown command.
You hit the meat berserker.
You butcher the meat berserker messily.
You kill the meat berserker!
Makhleb accepts your kill.
You slash the meat berserker!
You dissect the meat berserker like a pig carcass.
You kill the meat berserker!
Makhleb accepts your kill.
The bag of meat appears out of thin air!
A bag of meat comes into view. It is wielding a +9 war axe.
The bag of meat shouts!
You hear a shout!
A bag of meat comes into view. It is wielding a +9 war axe.
You hear a shout!
A meat berserker comes into view. It is wielding a +9 battleaxe.
The meat berserker hits you with a +9 battleaxe!!!!
Ouch! That really hurt!
You die...

#.. ..# #.. ...#
.O.. .###..
...###....
......###.....o...
....._..........
#.....#....... .
#_.o._#.......
....#.....#O.....#
......)_))@)......
......###.o.......
.###...oo..###o...
#.......# ...
#......o# .
......o.o.
........o..
.......O.o.
......o...##


You could see a large bag of meat (inner flame), 2 meat berserkers and 11 bags
of meat.

Vanquished Creatures
  5 ogres (D)
  An orc (D)
6 creatures vanquished.

Notes
Turn   | Place    | Note
-------+----------+-------------------------------------------
     0 | D        | Found the +∞ Axe of Woe
     0 | D        | howech the Djinni Earth Elementalist began the quest for
                  | the Orb.
     0 | D        | howech set off with the following spells memorised:
                  | Sandblast, Passwall, Stone Arrow, Petrify.
     0 | D        | Reached XP level 1. HP: 15/15 MP: 0/0
     1 | D        | Noticed a meat berserker
     1 | D        | Noticed a bag of meat
     2 | D        | Killed a meat berserker
     2 | D        | Noticed a meat berserker
     2 | D        | Noticed a bag of meat
     3 | D        | Reached skill level 19 in Spellcasting
     3 | D        | Reached XP level 2. HP: 21/21 MP: 0/0
     3 | D        | Reached XP level 3. HP: 25/25 MP: 0/0
     3 | D        | Learned a level 1 spell: Beastly Appendage
     3 | D        | Reached XP level 4. HP: 31/31 MP: 0/0
     3 | D        | Reached XP level 5. HP: 35/35 MP: 0/0
     3 | D        | Learned a level 2 spell: Call Imp
     3 | D        | Reached XP level 6. HP: 40/40 MP: 0/0
     3 | D        | Reached XP level 7. HP: 45/45 MP: 0/0
     3 | D        | Learned a level 3 spell: Mephitic Cloud
     3 | D        | Reached XP level 8. HP: 50/50 MP: 0/0
     3 | D        | Reached XP level 9. HP: 55/55 MP: 0/0
     3 | D        | Learned a level 3 spell: Ozocubu's Armour
     3 | D        | Reached XP level 10. HP: 60/60 MP: 0/0
     3 | D        | Reached XP level 11. HP: 65/65 MP: 0/0
     3 | D        | Learned a level 4 spell: Passage of Golubria
     3 | D        | Reached XP level 12. HP: 70/70 MP: 0/0
     3 | D        | Killed a meat berserker
     3 | D        | Noticed a bag of meat
     4 | D        | Reached skill level 1 in Fighting
     4 | D        | Reached skill level 5 in Axes
     4 | D        | Reached skill level 10 in Stealth
     4 | D        | Reached skill level 22 in Spellcasting
     4 | D        | Reached XP level 13. HP: 77/77 MP: 0/0
     4 | D        | Learned a level 5 spell: Summon Mana Viper
     6 | D        | Became a worshipper of Makhleb the Destroyer
     8 | D        | Noticed a meat berserker
     8 | D        | Killed a bag of meat
     9 | D        | Reached skill level 23 in Spellcasting
     9 | D        | Reached XP level 14. HP: 85/85 MP: 0/0
     9 | D        | Noticed a meat berserker
     9 | D        | Noticed a bag of meat
    10 | D        | Noticed a bag of meat
    10 | D        | Noticed a bag of meat
    10 | D        | Noticed a meat berserker
    10 | D        | Noticed a meat berserker
    10 | D        | Noticed a bag of meat
    10 | D        | Noticed a bag of meat
    11 | D        | Noticed a bag of meat
    11 | D        | Noticed a bag of meat
    12 | D        | Killed a meat berserker
    12 | D        | Reached * piety under Makhleb
    12 | D        | Noticed a bag of meat
    13 | D        | Reached skill level 25 in Spellcasting
    13 | D        | Killed a meat berserker
    13 | D        | Killed a meat berserker
    13 | D        | Noticed a bag of meat
    13 | D        | Noticed a bag of meat
    13 | D        | Noticed a meat berserker
    13 | D        | Slain by a meat berserker

Illustrated notes

Levels and vault maps discovered:
D:        meatsprint

Skill      XL: |  1  2  3  4  5  6  7  8  9 10 11 12 13 14 |
---------------+-------------------------------------------+-----
Axes           | 4 5 6 8 |  8.5
Dodging        | 11 13 14 | 14.9
Stealth        | 9 10 11 | 11.5
Spellcasting   | 19 22 23 25 | 25.0
Fighting       | 1 2 3 |  3.1
Invocations    | 7 |  7.1

Action                   |  1- 3 |  4- 6 |  7- 9 | 10-12 | 13-15 || total
-------------------------+-------+-------+-------+-------+-------++-------
Melee: Executioner's axe |     1 |       |       |     1 |     3 ||     5
  Use: Potion            |       |       |       |       |     1 ||     1
Dodge: Dodged            |     1 |       |       |       |       ||     1

Table legend: (Time is in decaauts)
 A = Elapsed time spent in this place.
 B = Non-inter-level travel time spent in this place.
 C = Inter-level travel time spent in this place.
 D = Time resting spent in this place.
 E = Time spent auto-exploring this place.
 F = Levels seen in this place.
 G = Mean time per level.
                   A        B        C        D        E       F      G
               +--------+--------+--------+--------+--------+-----+--------+
         Total |     13 |     13 |      0 |      0 |      0 |   1 |   13.0 |
       Dungeon |     13 |     13 |      0 |      0 |      0 |   1 |   13.0 |
               +--------+--------+--------+--------+--------+-----+--------+

Top non-repeatable levels by time:
       D: 13 daAuts
